 Dungeon Crawl Stone Soup version 0.27.1-3-gb3d3a73c9e (webtiles) character file.

Game seed: 9186600246136060826

241 Descartes the Magician (level 5, -1/28 HPs)
             Began as a Deep Elf Fire Elementalist on Oct 8, 2021.
             Killed from afar by an orc wizard (5 damage)
             ... with a magic dart
             ... on level 4 of the Dungeon.
             The game lasted 00:07:08 (4236 turns).

Descartes the Magician (Deep Elf Fire Elementalist) Turns: 4236, Time: 00:07:09

Health: -1/28      AC:  3    Str:  5    XL:     5   Next: 80%
Magic:  0/13       EV: 13    Int: 21    God:
Gold:   48         SH:  0    Dex: 15    Spells: 8/13 levels left

rFire    . . .     SeeInvis .   (no weapon)
rCold    . . .     Faith    .   (no shield)
rNeg     . . .     Spirit   +   a - +0 robe
rPois    .         Reflect  .   k - +0 helmet
rElec    .         Harm     .   (no cloak)
rCorr    .         Rampage  .   (no gloves)
Will     .....                  (no boots)
Stlth    +++.......             h - amulet of guardian spirit
HPRegen  0.09/turn              (no ring)
MPRegen  0.13/turn              (no ring)

@: no status effects
A: no striking features
a: no special abilities


You were on level 4 of the Dungeon.
You visited 1 branch of the dungeon, and saw 4 of its levels.

You collected 48 gold pieces.

Inventory:

Missiles
 b - 123 stones
 e - 54 arrows
 f - 7 boomerangs
Armour
 a - a +0 robe (worn)
 k - a +0 helmet (worn)
 n - a scarf of harm
Jewellery
 h - an amulet of guardian spirit (around neck)
 j - a ring of fire
 l - a +6 ring of strength
Scrolls
 d - a scroll of amnesia {unknown}
 g - a scroll of blinking {unknown}
 i - 2 scrolls of identify {unknown}
 q - a scroll of acquirement {unknown}
Potions
 c - a potion of curing {unknown}
 m - a potion of attraction {unknown}
 o - a potion of brilliance {unknown}
 p - a potion of might {unknown}
 r - a potion of ambrosia {unknown}
 s - a potion of heal wounds {unknown}


   Skills:
 + Level 3.8 Dodging
 + Level 4.1 Stealth
 + Level 4.5 Spellcasting
 + Level 2.9 Conjurations
 + Level 4.3 Fire Magic


You had 8 spell levels left.
You knew the following spells:

 Your Spells              Type           Power      Damage    Failure   Level
a - Foxfire               Conj/Fire      80%        2x1d8     2%          1
b - Sticky Flame          Conj/Fire      20%        2d4       26%         4

Your spell library contained the following spells:

 Spells                   Type           Power      Damage    Failure   Level
 Conjure Flame            Conj/Fire      20%        6-21      8%          3
 Inner Flame              Hex/Fire       13%        N/A       14%         3
 Corpse Rot               Necr/Air       N/A        N/A       17%         2
 Fireball                 Conj/Fire      10%        3d6       56%         5
 Dispel Undead            Necr           4%         3d7       75%         4
 Death Channel            Necr           2%         N/A       100%        6


Dungeon Overview and Level Annotations

Branches:
Dungeon (4/15)
 Temple: D:4-7

Altars:
Kikubaaqudgha
Qazlal
Sif Muna
Vehumet

Shops:
D:3 (

Annotations:
D:3 Grinder


Message History

The orc wizard barely misses you.
The orc priest hits you but does no damage.
The orc priest hits your foxfire with a +0 hand axe.
Casting: Foxfire (safe; 2% risk of failure)
Confirm with . or Enter, or press ? or * to list all spells.
You conjure some foxfire!
The foxfire hits the orc priest.
The orc priest is severely wounded.
The orc wizard barely misses you.
The orc priest looks encouraged for a moment.
Unknown command.
The foxfire hits the orc priest.
The orc priest is almost dead.
The foxfire hits the orc priest.
You kill the orc priest!
The foxfire hits the orc wizard.
The orc wizard is moderately wounded.
The orc wizard casts a spell at you.
You are confused.
The orc hits you with a +0 club.
The orc wizard hits you with a +0 dagger.
The orc hits you with a +0 club.
Things that are here:
a +0 hand axe; a +0 leather armour You bump into the rock wall.
The orc wizard closely misses you. The orc barely misses you.
You're too confused to move!
The orc wizard gestures at you while chanting.
The magic dart hits you. The orc closely misses you.
You bump into the rock wall.
The orc wizard hits you with a +0 dagger.
* * * LOW HITPOINT WARNING * * *
The orc closely misses you.
You feel less confused.
The orc wizard hits you with a +0 dagger.
* * * LOW HITPOINT WARNING * * *
The orc hits you with a +0 club.
* * * LOW HITPOINT WARNING * * *
The orc wizard gestures at you while chanting.
The magic dart hits you.
You die...

♣.$..### #.###.♣...♣# ♣P..)###
#...#.♣♣♣.♣
♣♣♣)...######.#.#.#...#
♣♣♣P.P........#.#.#.#..#######
♣P...###.####.#.#.#..........#
♣P...#.........#.....#.######.#
.P.PP.#.......oo.#.###.#.# #.#
..........#...##.#.....#.# #.#
#..####...#...##@#######.# #.#
#.# #...#...##.####.<#.### #.#
.. ......................# #.#
####..#....#...†.....#.####.#
#.#####.####.#...........#
#............######.####.#
.......<###..# ♣.# ###
#######.###..# ♣.♣ #..##..# ..♣


You could see an orc wizard.

Vanquished Creatures
  A hound (D:4)
  An orc priest (D:4)
  An orc wizard (D:4)
  3 gnolls (D:2)
  5 adders
  A worm (D:2)
  3 dart slugs
  4 bats
  7 endoplasms
  3 giant cockroaches
  6 hobgoblins
  2 jackals (D:3)
  3 quokkas
  16 ball pythons
  4 frilled lizards
  6 goblins
  5 kobolds
  4 rats
75 creatures vanquished.

Vanquished Creatures (collateral kills)
  27 foxfires (D:4)
27 creatures vanquished.

Vanquished Creatures (others)
  361 foxfires
  3 fungi (D:4)
  11 plants (D:4)
375 creatures vanquished.

Grand Total: 477 creatures vanquished

Notes
Turn   | Place    | Note
-------+----------+-------------------------------------------
     0 | D:1      | Descartes the Deep Elf Fire Elementalist began the quest
                  | for the Orb.
     0 | D:1      | Reached XP level 1. HP: 10/10 MP: 6/6
   376 | D:1      | Reached XP level 2. HP: 15/15 MP: 4/8
  1400 | D:1      | Reached XP level 3. HP: 19/19 MP: 5/9
  1469 | D:1      | Found a faded altar of an unknown god.
  2069 | D:2      | Reached XP level 4. HP: 23/24 MP: 4/11
  2523 | D:2      | Learned a level 4 spell: Sticky Flame
  2984 | D:3      | Found a radiant altar of Vehumet.
  3351 | D:3      | Reached XP level 5. HP: 28/28 MP: 6/13
  3621 | D:3      | Found Yxoeseg's Weapon Shop.
  3688 | D:3      | Found a shimmering blue altar of Sif Muna.
  3733 | D:3      | Found an ancient bone altar of Kikubaaqudgha.
  3733 | D:3      | Noticed Grinder
  3951 | D:4      | Found a stormy altar of Qazlal.
  4236 | D:4      | Killed from afar by an orc wizard

Illustrated notes

Levels and vault maps discovered:
D:1:      elethiomel_arrival_infinity_welcomes_careful_drivers, layout_basic,
          ebering_ecumenical_altar_webs, supply_closet_lemuel
D:2:      layout_loops_ring
D:3:      layout_basic, general_overflow_altar,
          mainiacjoe_overflow_catch_the_wave, serial_shops, shop,
          grunt_decor_resistance, minmay_crystal_water, minivault_27,
          minmay_shallow_snake_nest, uniq_natasha, uniq_grinder
D:4:      layout_basic, nicolae_ru_path_of_blood, mainiacjoe_overflow_chevrons,
          mainiacjoe_overflow_brackets, nicolae_overflow_hidden_temple,
          minmay_temple_entry_glass, serial_forest,
          infiniplex_forest_clump_cross, infiniplex_forest_corner_1,
          infiniplex_forest_lined_3, infiniplex_forest_side_room,
          infiniplex_forest_zigzag_1, uniq_pikel

Skill      XL: |  1  2  3  4  5 |
---------------+----------------+-----
Stealth        | 3 4 |  4.1
Dodging        | 3 |  3.8
Conjurations   | 2 |  2.9
Spellcasting   | 4 |  4.5
Fire Magic     | 4 |  4.3

Action                   |  1- 3 |  4- 6 || total
-------------------------+-------+-------++-------
 Cast: Foxfire           |    91 |   149 ||   240
Armor: Robe              |     5 |     4 ||     9
Dodge: Dodged            |    23 |    29 ||    52
